PBA
SPOKANE SUNS @ PORTLAND ROSEBUDS
06/29/1915
 
TOP OF THE 1ST
Spokane Suns batting - Pitching for Portland Rosebuds : RHP Andrew Collick
Pitching: RHP Andrew Collick
Batting: SHB Webster Drinkell 0-0: Called Strike
0-1: Ball
1-1: Ball
2-1: Ball
3-1: Fly out, F7 (Flyball, 7LM, EV 105.6 MPH)
Batting: RHB Bernardo Emerson 0-0: Ball
1-0: Called Strike
1-1: Foul Ball, location: 2F
1-2: Ball
2-2: Fly out, F8 (Flyball, 8RM, EV 91.9 MPH)
Batting: RHB Isom Peters 0-0: Foul Ball, location: 9LMF
0-1: Swinging Strike
0-2: Ball
1-2: Strikes out swinging
Top of the 1st over - 0 runs, 0 hits, 0 errors, 0 left on base; Spokane 0 - Portland 0
BOTTOM OF THE 1ST
Portland Rosebuds batting - Pitching for Spokane Suns : LHP Earnest Boden
Pitching: LHP Earnest Boden
Batting: LHB Clark Dethwright 0-0: Foul Ball, location: 2F
0-1: Fly out, F4 (Line Drive, 4D, EV 62.5 MPH)
Batting: RHB Warner Norwood 0-0: SINGLE (Groundball, 56D, EV 100.0 MPH)
Batting: SHB Jesse Brownrigg 0-0: Called Strike
0-1: Swinging Strike
0-2: Ball
1-2: Fielders Choice at 2nd, 5-4 (Groundball, 56, EV 102.5 MPH)
Batting: RHB James Bamforth 0-0: Called Strike
0-1: Called Strike
0-2: Ball
1-2: Ball
2-2: Fly out, F9 (Flyball, 9, EV 90.0 MPH)
Bottom of the 1st over - 0 runs, 1 hit, 0 errors, 1 left on base; Spokane 0 - Portland 0
TOP OF THE 2ND
Spokane Suns batting - Pitching for Portland Rosebuds : RHP Andrew Collick
Batting: LHB Allie Spracklin 0-0: Ground out 4-3 (Groundball, 4, EV 80.6 MPH)
Batting: SHB Henry Smith 0-0: Foul Ball, location: 5SF
0-1: SINGLE (Line Drive, 4D, EV 95.6 MPH)
Batting: RHB Abraham Parker 0-0: Called Strike
Henry Smith is caught stealing 2nd base 2-4
0-1: Foul Ball, location: 9LDF
0-2: Ground out U3 (Groundball, 34, EV 96.3 MPH)
Top of the 2nd over - 0 runs, 1 hit, 0 errors, 0 left on base; Spokane 0 - Portland 0
BOTTOM OF THE 2ND
Portland Rosebuds batting - Pitching for Spokane Suns : LHP Earnest Boden
Pitching: LHP Bruno Barnes
Batting: SHB Leonard Gould 0-0: Called Strike
0-1: Swinging Strike
0-2: Strikes out swinging
Batting: RHB Lillian Vanner 0-0: Called Strike
0-1: Ball
1-1: Called Strike
1-2: Fly out, F7 (Flyball, 7, EV 78.8 MPH)
Batting: SHB Loy Pauling 0-0: Ball
1-0: SINGLE (Flyball, 56D, EV 96.3 MPH)
Batting: RHB Laverne Hotten 0-0: Ball
1-0: SINGLE (Groundball, 34D, EV 100.0 MPH)
Loy Pauling to second
Batting: RHB Andrew Collick 0-0: Ball
1-0: Ball
2-0: Fly out, F8 (Line Drive, 8RM, EV 92.5 MPH)
Bottom of the 2nd over - 0 runs, 2 hits, 0 errors, 2 left on base; Spokane 0 - Portland 0
TOP OF THE 3RD
Spokane Suns batting - Pitching for Portland Rosebuds : RHP Andrew Collick
Batting: RHB Frank Villiers 0-0: Reached on error, E5 (Groundball, 56, EV 90.6 MPH)
Batting: SHB Felix Browncey 0-0: Ball
1-0: 2-RUN HOME RUN (Flyball, 7D, EV 95.6 MPH), Distance : 358 ft
Batting: LHB Bruno Barnes 0-0: Ball
1-0: Called Strike
1-1: Foul Ball, location: 2F
1-2: SINGLE (Groundball, 3D, EV 106.3 MPH)
Batting: SHB Webster Drinkell 0-0: Ball
1-0: Fielders Choice at 2nd, 4-6 (Groundball, 4, EV 104.4 MPH)
Batting: RHB Bernardo Emerson 0-0: Ball
Webster Drinkell steals 2nd base
1-0: Swinging Strike
1-1: Ball
2-1: Foul Ball, location: 2F
2-2: Strikes out looking
Batting: RHB Isom Peters 0-0: Ball
1-0: Swinging Strike
1-1: Called Strike
1-2: Fly out, F9 (Flyball, 9, EV 92.5 MPH)
Top of the 3rd over - 2 runs, 2 hits, 1 error, 1 left on base; Spokane 2 - Portland 0
BOTTOM OF THE 3RD
Portland Rosebuds batting - Pitching for Spokane Suns : LHP Bruno Barnes
Batting: LHB Clark Dethwright 0-0: Foul Ball, location: 2F
0-1: Ball
1-1: Ball
2-1: Ball
3-1: Fly out, F7 (Flyball, 78M, EV 90.6 MPH)
Batting: RHB Warner Norwood 0-0: Called Strike
0-1: Swinging Strike
0-2: Ball
1-2: Ball
2-2: SINGLE (Flyball, 8LS, EV 98.8 MPH)
Batting: SHB Jesse Brownrigg 0-0: Ball
1-0: SINGLE (Line Drive, 8LS, EV 92.5 MPH)
Warner Norwood to second
Batting: RHB James Bamforth 0-0: Swinging Strike
0-1: Ball
1-1: Fly out, F4 (Popup, 34S, EV 78.8 MPH)
Batting: SHB Leonard Gould 0-0: Called Strike
0-1: Ball
1-1: Foul Ball, location: 2F
1-2: Fly out, F8 (Flyball, 78M, EV 88.8 MPH)
Bottom of the 3rd over - 0 runs, 2 hits, 0 errors, 2 left on base; Spokane 2 - Portland 0
TOP OF THE 4TH
Spokane Suns batting - Pitching for Portland Rosebuds : RHP Andrew Collick
Batting: LHB Allie Spracklin 0-0: Ball
1-0: Fly out, F5 (Popup, 56S, EV 76.9 MPH)
Batting: SHB Henry Smith 0-0: Called Strike
0-1: Hit by Pitch
Batting: RHB Abraham Parker 0-0: Ball
1-0: Ball
2-0: Called Strike
2-1: Foul Ball, location: 2F
2-2: Foul Ball, location: 7LDF
2-2: Fly out, F3 (Popup, 3SF, EV 82.5 MPH)
Batting: RHB Frank Villiers 0-0: Ball
1-0: Swinging Strike
1-1: Foul Ball, location: 2F
1-2: Strikes out looking
Top of the 4th over - 0 runs, 0 hits, 0 errors, 1 left on base; Spokane 2 - Portland 0
BOTTOM OF THE 4TH
Portland Rosebuds batting - Pitching for Spokane Suns : LHP Bruno Barnes
Batting: RHB Lillian Vanner 0-0: Called Strike
0-1: Ball
1-1: Ball
2-1: Ball
3-1: Called Strike
3-2: Fly out, F7 (Line Drive, 7S, EV 94.4 MPH)
Batting: SHB Loy Pauling 0-0: Ball
1-0: Foul Ball, location: 7LSF
1-1: Swinging Strike
1-2: Foul Ball, location: 2F
1-2: Ball
2-2: Ground out 6-3 (Groundball, 6, EV 88.8 MPH)
Batting: RHB Laverne Hotten 0-0: Ball
1-0: Swinging Strike
1-1: Fly out, F2 (Popup, 25F, EV 86.3 MPH)
Bottom of the 4th over - 0 runs, 0 hits, 0 errors, 0 left on base; Spokane 2 - Portland 0
TOP OF THE 5TH
Spokane Suns batting - Pitching for Portland Rosebuds : RHP Andrew Collick
Batting: SHB Felix Browncey 0-0: Ball
1-0: Foul Ball, location: 2F
1-1: Swinging Strike
1-2: Strikes out swinging
Batting: LHB Bruno Barnes 0-0: Fly out, F8 (Line Drive, 8LD, EV 94.4 MPH)
Batting: SHB Webster Drinkell 0-0: Ball
1-0: Ball
2-0: Ground out 4-3 (Groundball, 4, EV 95.6 MPH)
Top of the 5th over - 0 runs, 0 hits, 0 errors, 0 left on base; Spokane 2 - Portland 0
BOTTOM OF THE 5TH
Portland Rosebuds batting - Pitching for Spokane Suns : LHP Bruno Barnes
Batting: RHB Andrew Collick 0-0: Ball
1-0: Foul Ball, location: 7LSF
1-1: Ground out U3 (Groundball, 34S, EV 65.0 MPH)
Batting: LHB Clark Dethwright 0-0: Ball
1-0: Called Strike
1-1: Swinging Strike
1-2: Ball
2-2: Ball
3-2: Ground out 3-1 (Groundball, 34S, EV 86.3 MPH)
Batting: RHB Warner Norwood 0-0: Called Strike
0-1: Ball
1-1: Foul Ball, location: 2F
1-2: Foul Ball, location: 5FF
1-2: Strikes out swinging
Bottom of the 5th over - 0 runs, 0 hits, 0 errors, 0 left on base; Spokane 2 - Portland 0
TOP OF THE 6TH
Spokane Suns batting - Pitching for Portland Rosebuds : RHP Andrew Collick
Batting: RHB Bernardo Emerson 0-0: Ball
1-0: Fly out, F7 (Flyball, 78S, EV 91.3 MPH)
Batting: RHB Isom Peters 0-0: SINGLE (Groundball, 6MD, EV 93.8 MPH)
Batting: LHB Allie Spracklin 0-0: Called Strike
0-1: Grounds into double play, 4-6-3 (Groundball, 4M, EV 82.5 MPH)
Top of the 6th over - 0 runs, 1 hit, 0 errors, 0 left on base; Spokane 2 - Portland 0
BOTTOM OF THE 6TH
Portland Rosebuds batting - Pitching for Spokane Suns : LHP Bruno Barnes
Batting: SHB Jesse Brownrigg 0-0: Swinging Strike
0-1: Ball
1-1: Ball
2-1: Ball
3-1: Fly out, F8 (Line Drive, 89M, EV 98.8 MPH)
Batting: RHB James Bamforth 0-0: Fly out, F9 (Flyball, 89S, EV 86.9 MPH)
Batting: SHB Leonard Gould 0-0: Ball
1-0: Called Strike
1-1: Called Strike
1-2: Ball
2-2: Fly out, F8 (Flyball, 89M, EV 90.0 MPH)
Bottom of the 6th over - 0 runs, 0 hits, 0 errors, 0 left on base; Spokane 2 - Portland 0
TOP OF THE 7TH
Spokane Suns batting - Pitching for Portland Rosebuds : RHP Andrew Collick
Batting: SHB Henry Smith 0-0: Ball
1-0: Foul Ball, location: 9LMF
1-1: Swinging Strike
1-2: Ball
2-2: Ball
3-2: Ground out 5-3 (Groundball, 5, EV 83.1 MPH)
Batting: RHB Abraham Parker 0-0: Called Strike
0-1: Ball
1-1: SINGLE (Line Drive, 6MD, EV 101.3 MPH)
Batting: RHB Frank Villiers 0-0: Ball
1-0: Called Strike
1-1: Swinging Strike
1-2: Foul Ball, location: 2F
1-2: Ball
2-2: Ball
3-2: Fielders Choice at 2nd, 6-4 (Groundball, 6S, EV 86.9 MPH)
Batting: SHB Felix Browncey 0-0: Called Strike
0-1: Fielders Choice at 2nd, 6-4 (Groundball, 6MD, EV 93.8 MPH)
Top of the 7th over - 0 runs, 1 hit, 0 errors, 1 left on base; Spokane 2 - Portland 0
BOTTOM OF THE 7TH
Portland Rosebuds batting - Pitching for Spokane Suns : LHP Bruno Barnes
Now at SS: Laurence Belgrave
Batting: RHB Lillian Vanner 0-0: Fly out, F7 (Flyball, 78D, EV 106.3 MPH)
Batting: SHB Loy Pauling 0-0: Ball
1-0: Fly out, F3 (Popup, 3S, EV 63.1 MPH)
Batting: RHB Laverne Hotten 0-0: Called Strike
0-1: Ball
1-1: Ball
2-1: Fly out, F6 (Popup, 4MD, EV 62.5 MPH)
Bottom of the 7th over - 0 runs, 0 hits, 0 errors, 0 left on base; Spokane 2 - Portland 0
TOP OF THE 8TH
Spokane Suns batting - Pitching for Portland Rosebuds : RHP Andrew Collick
Pinch Hitting: SHB Manley Fleetwood 0-0: Called Strike
0-1: Swinging Strike
0-2: Strikes out looking
Batting: SHB Webster Drinkell 0-0: Foul Ball, location: 25FF
0-1: Ball
1-1: Ball
2-1: Ball
3-1: Base on Balls
Batting: RHB Bernardo Emerson 0-0: Called Strike
0-1: Ball
1-1: Called Strike
1-2: Ball
Webster Drinkell is caught stealing 2nd base 2-4
2-2: Ground out 5-3 (Groundball, 5, EV 88.1 MPH)
Top of the 8th over - 0 runs, 0 hits, 0 errors, 0 left on base; Spokane 2 - Portland 0
BOTTOM OF THE 8TH
Portland Rosebuds batting - Pitching for Spokane Suns : LHP Bruno Barnes
Pitching: LHP John Winfield
Now at 1B: Manley Fleetwood
Batting: RHB Andrew Collick 0-0: Fly out, F4 (Popup, 23, EV 76.9 MPH)
Pinch Hitting: RHB Beryl Ablewhite 0-0: Foul Ball, location: 23F
0-1: Ball
1-1: Ball
2-1: Ball
3-1: Foul Ball, location: 2F
3-2: Strikes out swinging
Batting: RHB Warner Norwood 0-0: Ball
1-0: Ball
2-0: Swinging Strike
2-1: Ball
3-1: Base on Balls
Batting: SHB Jesse Brownrigg 0-0: Ball
1-0: Fly out, F8 (Flyball, 8RM, EV 91.3 MPH)
Bottom of the 8th over - 0 runs, 0 hits, 0 errors, 1 left on base; Spokane 2 - Portland 0
TOP OF THE 9TH
Spokane Suns batting - Pitching for Portland Rosebuds : RHP Andrew Collick
Now at 1B: Beryl Ablewhite
Now in CF: Leonard Gould
Batting: LHB John Winfield 0-0: Ball
1-0: SINGLE (Line Drive, 89M, EV 106.9 MPH)
Batting: LHB Allie Spracklin 0-0: Called Strike
0-1: Ball
1-1: Fly out, F8 (Line Drive, 8RS, EV 90.0 MPH)
Batting: SHB Henry Smith 0-0: Called Strike
0-1: Called Strike
0-2: Ball
1-2: Fly out, F8 (Flyball, 89D, EV 94.4 MPH)
Pitching: LHP Arno Boniface
Batting: RHB Abraham Parker 0-0: Fielders Choice at 2nd, 6-4 (Groundball, 6, EV 83.1 MPH)
Top of the 9th over - 0 runs, 1 hit, 0 errors, 1 left on base; Spokane 2 - Portland 0
BOTTOM OF THE 9TH
Portland Rosebuds batting - Pitching for Spokane Suns : LHP John Winfield
Batting: RHB James Bamforth 0-0: Called Strike
0-1: Swinging Strike
0-2: Ball
1-2: Ground out 6-3 (Groundball, 6, EV 98.8 MPH)
Batting: SHB Leonard Gould 0-0: Ball
1-0: Ball
2-0: Called Strike
2-1: DOUBLE (Flyball, 78D, EV 102.5 MPH)
Batting: RHB Lillian Vanner 0-0: Called Strike
0-1: Swinging Strike
0-2: Strikes out swinging
Pinch Hitting: LHB Frank Tuttle 0-0: Ball
1-0: SINGLE (Line Drive, 8LS, EV 91.9 MPH)
Leonard Gould to third
Pinch Hitting: LHB John Cuttle 0-0: Ball
1-0: Ball
2-0: Called Strike
2-1: Ball
3-1: Foul Ball, location: 23FF
3-2: Fly out, F9 (Flyball, 89M, EV 81.9 MPH)
Bottom of the 9th over - 0 runs, 2 hits, 0 errors, 2 left on base; Spokane 2 - Portland 0
Thursday, November 21st , 2024 - OOTP Baseball 25.10 Build 95